 Dungeon Crawl Stone Soup version 0.27.0-1-g7a089689b8 (webtiles) character file.

Game seed: 13082365633776809232

53 Wyvernaa the Shield-Bearer (level 3, -2/23 HPs)
             Began as a Gargoyle Fighter on July 31, 2021.
             Killed from afar by Sigmund (9 damage)
             ... with a puff of flame
             ... on level 2 of the Dungeon.
             The game lasted 00:04:01 (1291 turns).

Wyvernaa the Shield-Bearer (Gargoyle Fighter)       Turns: 1291, Time: 00:04:03

Health: -2/23      AC: 10    Str: 20    XL:     3   Next: 89%
Magic:  3/3        EV:  7    Int:  8    God:
Gold:   51         SH:  9    Dex:  9    Spells: 2/2 levels left

rFire    . . .     SeeInvis .   a - +0 flail
rCold    . . .     Faith    .   c - +0 kite shield
rNeg     + . .     Spirit   .   b - +0 scale mail
rPois    ∞         Reflect  .   (no helmet)
rElec    +         Harm     .   (no cloak)
rCorr    .         Rampage  .   (no gloves)
Will     .....                  (no boots)
Stlth    ..........             (no amulet)
HPRegen  0.07/turn              (no ring)
MPRegen  0.08/turn              (no ring)

@: mighty
A: sickness immunity, AC +3, negative energy resistance 1, electricity
resistance, torment resistance 1, petrification resistance
a: no special abilities


You were on level 2 of the Dungeon.
You visited 1 branch of the dungeon, and saw 2 of its levels.

You collected 51 gold pieces.

Inventory:

Hand Weapons
 a - a +0 flail (weapon)
Armour
 b - a +0 scale mail (worn)
 c - a +0 kite shield (worn)
 e - a +0 plate armour
Jewellery
 f - an amulet of magic regeneration


   Skills:
 + Level 3.4 Fighting
 * Level 2.5 Maces & Flails
 + Level 3.7 Armour
 * Level 1.2 Stealth
 * Level 4.0 Shields


You had 2 spell levels left.
You didn't know any spells.
Your spell library was empty.

Dungeon Overview and Level Annotations

Branches:
Dungeon (2/15)

Altars:

Annotations:
D:2 Sigmund


Innate Abilities, Weirdness & Mutations

You are immune to sickness and miasma.
Your stone body is resilient. (AC +3)
You are immune to poison.
You resist negative energy. (rN+)
You are resistant to electric shocks. (rElec)
You are resistant to unholy torment.
You are immune to petrification.


Message History

a +0 short sword; 4 stones A rat comes into view.
A rat is nearby!
A rat is nearby!
A rat is nearby!
Sigmund the Dreaded comes into view.
He is wielding a +1 scythe of holy wrath.
Sigmund shouts!
Found a hand axe.
The rat bites you but does no damage.
You barely miss the rat. The rat bites you but does no damage.
You block Sigmund's attack.
You barely miss the rat. You block the rat's attack.
Sigmund hits you from afar with a +1 scythe of holy wrath.
You block the rat's attack. Sigmund completely misses you.
You feel very mighty all of a sudden. The rat bites you but does no damage.
You block Sigmund's attack. You block the rat's attack.
Sigmund closely misses you.
You closely miss Sigmund. The rat bites you. You block Sigmund's attack.
You closely miss Sigmund. You block the rat's attack.
Sigmund barely misses you. You block the rat's attack.
You block Sigmund's attack.
Your shield prevents you from hitting Sigmund.
You block the rat's attack. Sigmund gestures at you while chanting.
The puff of flame hits you.
Unknown command.
You barely miss Sigmund. The rat bites you but does no damage.
Sigmund barely misses you. You block the rat's attack.
Sigmund hits you with a +1 scythe of holy wrath.
You hit Sigmund.
Sigmund is lightly wounded.
The rat closely misses you. You block Sigmund's attack.
You barely miss Sigmund.
Sigmund is lightly wounded.
You block the rat's attack.
Sigmund hits you with a +1 scythe of holy wrath!
The rat bites you but does no damage. Sigmund gestures at you while chanting.
The puff of flame hits you!
You die...

....###.#...##.....#
............######.#
#.####.#.......# .#
#.##...........# ..
#..............# ..
#########.##........#
..
#.......#.##........#
.
#............##.....#
#.....r@..##.# .....#
#......@....... ...
#........###.##.#
#......... # #
...........
######...... )....#..
.....#...


You could see Sigmund and a rat.

Vanquished Creatures
  2 dart slugs (D:1)
  2 ball pythons
  5 endoplasms (D:1)
  A giant cockroach (D:1)
  6 goblins
  8 hobgoblins
  2 jackals (D:1)
  4 kobolds
  A quokka (D:1)
  4 bats (D:1)
  2 frilled lizards (D:1)
  5 rats (D:1)
42 creatures vanquished.

Notes
Turn   | Place    | Note
-------+----------+-------------------------------------------
     0 | D:1      | Wyvernaa the Gargoyle Fighter began the quest for the Orb.
     0 | D:1      | Reached XP level 1. HP: 14/14 MP: 1/1
    52 | D:1      | Reached XP level 2. HP: 14/19 MP: 2/2
   438 | D:1      | Reached XP level 3. HP: 23/23 MP: 3/3
   499 | D:1      | Reached skill level 1 in Stealth
  1178 | D:2      | Reached skill level 4 in Shields
  1280 | D:2      | Noticed Sigmund
  1291 | D:2      | Killed from afar by Sigmund

Illustrated notes

Levels and vault maps discovered:
D:1:      ebering_trefoil_3fold, layout_basic
D:2:      layout_basic, basic_altar, chequers_serial_rivers_large_b,
          uniq_sigmund

Skill      XL: |  1  2  3 |
---------------+----------+-----
Stealth        | 1 |  1.2
Shields        | 4 |  4.0
Fighting       | |  3.4
Maces & Flails | |  2.5
Armour         | |  3.7

Action                   || total
-------------------------++-------
Melee: Flail             ||   143
  Use: Scroll            ||     3
       Potion            ||     1
Armor: Scale mail        ||    90
Dodge: Dodged            ||    47
Block: Kite shield       ||    92
